[Event "ESTCC 65 2019"]
[Site "Mali Losinj"]
[Date "2019.09.18"]
[Round "1.7"]
[White "Nielsen, Preben Lovgren"]
[Black "Kivimaki, Jaakko"]
[Result "0-1"]
[ECO "C60"]
[WhiteElo "2007"]
[BlackElo "2195"]
[Annotator "NA"]
[PlyCount "120"]
[EventDate "2019.09.18"]
[EventType "team-tourn"]
[EventCountry "CRO"]
[SourceTitle "playchess.com"]
[Source "ChessBase"]
[SourceQuality "1"]
[WhiteTeam "Denmark"]
[BlackTeam "Finland"]
[WhiteTeamCountry "DEN"]
[BlackTeamCountry "FIN"]
[TimeControl "40/5400+30:1800+30"]

1. e4 e5 2. Nf3 Nc6 3. Bb5 Nge7 4. d4 exd4 5. Nxd4 Nxd4 6. Qxd4 Nc6 7. Qd5 Bb4+ 8. c3 Be7 9. O-O O-O 10. f4 a6 11. Ba4 d6 12. f5 Ne5 13. Bf4 Bf6 14. Bc2 Bd7 15. Qd1 Re8 16. Nd2 Bb5 17. Bxe5 Rxe5 18. c4 Bc6 19. Rb1 b5 20. Re1 Qd7 21. Nf3 Re7 22. cxb5 axb5 23. a3 Rae8 24. e5 Bxe5 25. Nxe5 Rxe5 26. Rxe5 Rxe5 27. Qd4 Qe7 28. Bd3 Be4 29. Rf1 c5 30. Qc3 Bxd3 31. Qxd3 c4 32. Qf3 Re1 33. f6 Qe3+ 34. Qxe3 Rxe3 35. Rd1 gxf6 36. Rd5 Rb3 37. Rd2 Kf8 38. Kf2 Ke7 39. Ke2 Ke6 40. Kd1 d5 41. Re2+ Kd6 42. Kc2 d4 43. Re4 Kd5 44. Rh4 Re3 45. Rh5+ Re5 46. Rxh7 Re2+ 47. Kc1 Ke4 48. Rh4+ Ke5 49. Rh5+ f5 50. g4 Rf2 51. gxf5 Rxf5 52. Rh8 Rf1+ 53. Kd2 Rf2+ 54. Kc1 Ke4 55. Rh4+ Ke3 56. Rh3+ Ke2 57. Rh5 Rf1+ 58. Kc2 d3+ 59. Kc3 Rc1+ 60. Kb4 d2 0-1

[Event "ESTCC 65 2019"]
[Site "Mali Losinj"]
[Date "2019.09.18"]
[Round "1.8"]
[White "Vinke, Dietmar"]
[Black "Fabrin, Morten"]
[Result "1-0"]
[ECO "A04"]
[WhiteElo "2129"]
[BlackElo "1998"]
[Annotator "NA"]
[PlyCount "77"]
[EventDate "2019.09.18"]
[EventType "team-tourn"]
[EventCountry "CRO"]
[SourceTitle "playchess.com"]
[Source "ChessBase"]
[SourceQuality "1"]
[WhiteTeam "Finland"]
[BlackTeam "Denmark"]
[WhiteTeamCountry "FIN"]
[BlackTeamCountry "DEN"]
[TimeControl "40/5400+30:1800+30"]

1. Nf3 c5 2. e4 e6 3. d3 Nc6 4. Nbd2 g6 5. g3 Bg7 6. Bg2 Nge7 7. O-O d6 8. c3 O-O 9. Re1 Rb8 10. Nf1 b6 11. d4 Ba6 12. d5 exd5 13. exd5 Ne5 14. Nxe5 dxe5 15. f4 Bxf1 16. Kxf1 Qd6 17. Qe2 f6 18. Kg1 Rbd8 19. fxe5 fxe5 20. Bg5 Rde8 21. Bxe7 Rxe7 22. Qe4 b5 23. Rf1 Rxf1+ 24. Rxf1 Rc7 25. Bh3 a5 26. a4 Rb7 27. Be6+ Kh8 28. axb5 Rxb5 29. Qa4 Rb8 30. Qxa5 Rxb2 31. Rf7 Qb6 32. Qa8+ Qb8 33. Qxb8+ Rxb8 34. d6 e4 35. d7 Bf8 36. Kf2 Bh6 37. Re7 Rb2+ 38. Kf1 Bg5 39. d8=Q# 1-0

[Event "ESTCC 65 2019"]
[Site "Mali Losinj"]
[Date "2019.09.18"]
[Round "1.9"]
[White "Werner, Clemens"]
[Black "Kolbak, Jens"]
[Result "1/2-1/2"]
[ECO "C54"]
[WhiteElo "2286"]
[BlackElo "2173"]
[Annotator "NA"]
[PlyCount "59"]
[EventDate "2019.09.18"]
[EventType "team-tourn"]
[EventCountry "CRO"]
[SourceTitle "playchess.com"]
[Source "ChessBase"]
[SourceQuality "1"]
[WhiteTeam "Germany"]
[BlackTeam "Denmark"]
[WhiteTeamCountry "GER"]
[BlackTeamCountry "DEN"]
[TimeControl "40/5400+30:1800+30"]

1. e4 e5 2. Nf3 Nc6 3. Bc4 Bc5 4. c3 Nf6 5. d3 d6 6. Bb3 h6 7. Nbd2 O-O 8. Nf1 d5 9. Qe2 Be6 10. Ng3 dxe4 11. dxe4 Re8 12. O-O a5 13. Ba4 Nd7 14. Bxc6 bxc6 15. Be3 Qe7 16. b3 Bd6 17. Nd2 Nb6 18. a4 Rab8 19. Rab1 Kh7 20. Qh5 f6 21. Nf5 Qf7 22. Qxf7 Bxf7 23. Rfd1 Bf8 24. Kf1 g6 25. Bxb6 cxb6 26. Ne3 Be6 27. Ndc4 Bc5 28. Ke2 Red8 29. g3 Kg7 30. f4 1/2-1/2

[Event "ESTCC 65 2019"]
[Site "Mali Losinj"]
[Date "2019.09.18"]
[Round "1.10"]
[White "Olesen, Poul Erik Norgaard"]
[Black "Kierzek, Matthias"]
[Result "1/2-1/2"]
[ECO "B10"]
[WhiteElo "1996"]
[BlackElo "2186"]
[Annotator "NA"]
[PlyCount "64"]
[EventDate "2019.09.18"]
[EventType "team-tourn"]
[EventCountry "CRO"]
[SourceTitle "playchess.com"]
[Source "ChessBase"]
[SourceQuality "1"]
[WhiteTeam "Denmark"]
[BlackTeam "Germany"]
[WhiteTeamCountry "DEN"]
[BlackTeamCountry "GER"]
[TimeControl "40/5400+30:1800+30"]

1. e4 c6 2. d3 d5 3. Nd2 e5 4. Ngf3 Bd6 5. d4 exd4 6. exd5 Nf6 7. Nxd4 Nxd5 8. Bd3 O-O 9. Ne4 Nf4 10. Nxd6 Qxd6 11. Bxf4 Qxf4 12. O-O Bg4 13. Be2 Bxe2 14. Nxe2 Qc7 15. Nc3 Na6 16. Re1 Nc5 17. Qh5 Ne6 18. Rad1 Rad8 19. Ne4 Rxd1 20. Rxd1 Rd8 21. g3 Rxd1+ 22. Qxd1 Qe5 23. Nc3 Nd4 24. Kg2 f5 25. Qd2 c5 26. f3 h6 27. Kf2 b5 28. a3 a5 29. Ne2 Nxe2 30. Qxe2 Qxe2+ 31. Kxe2 Kf7 32. Kd3 Ke6 1/2-1/2

[Event "ESTCC 65 2019"]
[Site "Mali Losinj"]
[Date "2019.09.18"]
[Round "1.11"]
[White "Herbrechtsmeier, Christof"]
[Black "Jorgensen, Arne Bjorn"]
[Result "1/2-1/2"]
[ECO "C10"]
[WhiteElo "2210"]
[BlackElo "1996"]
[Annotator "NA"]
[PlyCount "61"]
[EventDate "2019.09.18"]
[EventType "team-tourn"]
[EventCountry "CRO"]
[SourceTitle "playchess.com"]
[Source "ChessBase"]
[SourceQuality "1"]
[WhiteTeam "Germany"]
[BlackTeam "Denmark"]
[WhiteTeamCountry "GER"]
[BlackTeamCountry "DEN"]
[TimeControl "40/5400+30:1800+30"]

1. e4 e6 2. d4 d5 3. Nc3 dxe4 4. Nxe4 Be7 5. Nf3 Nd7 6. Bd3 Ngf6 7. Qe2 Nxe4 8. Qxe4 Nf6 9. Qe2 O-O 10. Bg5 c5 11. dxc5 Qa5+ 12. c3 Qxc5 13. O-O-O h6 14. h4 Rb8 15. Bf4 Ra8 16. Kb1 b5 17. Ne5 Bb7 18. Rhg1 Rfd8 19. Bc2 Rxd1+ 20. Rxd1 Rd8 21. Re1 Bd5 22. g4 Bc4 23. Qf3 Qd5 24. Qxd5 Bxd5 25. g5 hxg5 26. hxg5 Nd7 27. g6 Nxe5 28. Bxe5 fxg6 29. Bxg6 Bf6 30. f4 a6 31. b3 1/2-1/2

[Event "ESTCC 65 2019"]
[Site "Mali Losinj"]
[Date "2019.09.18"]
[Round "1.12"]
[White "Andersson, Finn"]
[Black "Kiefer, Gerhard"]
[Result "0-1"]
[ECO "B84"]
[WhiteElo "1771"]
[BlackElo "2227"]
[Annotator "NA"]
[PlyCount "74"]
[EventDate "2019.09.18"]
[EventType "team-tourn"]
[EventCountry "CRO"]
[SourceTitle "playchess.com"]
[Source "ChessBase"]
[SourceQuality "1"]
[WhiteTeam "Denmark"]
[BlackTeam "Germany"]
[WhiteTeamCountry "DEN"]
[BlackTeamCountry "GER"]
[TimeControl "40/5400+30:1800+30"]

1. e4 c5 2. Nf3 e6 3. d4 cxd4 4. Nxd4 Nf6 5. Nc3 d6 6. Be2 Be7 7. Be3 O-O 8. O-O a6 9. Qe1 Qc7 10. f4 Nbd7 11. Kh1 b5 12. a3 Bb7 13. Bf3 Nc5 14. Bf2 Nfd7 15. Bh4 Bxh4 16. Qxh4 Nb6 17. f5 e5 18. Nde2 f6 19. b3 Bc6 20. Rad1 Rad8 21. Qf2 Rfe8 22. Qe3 a5 23. Rd2 a4 24. Nd5 Bxd5 25. exd5 e4 26. Bh5 Re5 27. Nc3 axb3 28. cxb3 Qb7 29. Be2 Nxb3 30. Rb2 Nc4 31. Bxc4 bxc4 32. Qf2 e3 33. Qe2 Qa8 34. Nd1 Nd4 35. Qxc4 e2 36. Re1 exd1=Q 37. Rxd1 Nxf5 0-1

[Event "ESTCC 65 2019"]
[Site "Mali Losinj"]
[Date "2019.09.18"]
[Round "1.25"]
[White "Quinn, John M"]
[Black "James, Kevin"]
[Result "1-0"]
[ECO "A40"]
[WhiteElo "2105"]
[BlackElo "1959"]
[Annotator "NA"]
[PlyCount "55"]
[EventDate "2019.09.18"]
[EventType "team-tourn"]
[EventCountry "CRO"]
[SourceTitle "playchess.com"]
[Source "ChessBase"]
[SourceQuality "1"]
[WhiteTeam "England"]
[BlackTeam "Ireland"]
[WhiteTeamCountry "ENG"]
[BlackTeamCountry "IRL"]
[TimeControl "40/5400+30:1800+30"]

1. d4 g6 2. c4 Bg7 3. Nf3 c5 4. d5 d6 5. Nc3 Bxc3+ 6. bxc3 f5 7. g3 Qa5 8. Nd2 Qxc3 9. Rb1 Qg7 10. Bg2 Nf6 11. O-O Nbd7 12. Bb2 Ne5 13. Qb3 O-O 14. f4 Nf7 15. e4 fxe4 16. Nxe4 b6 17. Rbe1 Nh6 18. Ng5 Nf5 19. Qd3 h6 20. Ne6 Bxe6 21. Rxe6 Rac8 22. g4 Nd4 23. Bxd4 cxd4 24. g5 Rc5 25. gxf6 exf6 26. Qxd4 Ra5 27. Rxd6 Rxa2 28. Re1 1-0

[Event "ESTCC 65 2019"]
[Site "Mali Losinj"]
[Date "2019.09.18"]
[Round "1.26"]
[White "Lohan, Martin"]
[Black "Hutchinson, Paul A"]
[Result "1/2-1/2"]
[ECO "B10"]
[WhiteElo "1796"]
[BlackElo "2124"]
[Annotator "NA"]
[PlyCount "63"]
[EventDate "2019.09.18"]
[EventType "team-tourn"]
[EventCountry "CRO"]
[SourceTitle "playchess.com"]
[Source "ChessBase"]
[SourceQuality "1"]
[WhiteTeam "Ireland"]
[BlackTeam "England"]
[WhiteTeamCountry "IRL"]
[BlackTeamCountry "ENG"]
[TimeControl "40/5400+30:1800+30"]

1. Nf3 Nf6 2. g3 d5 3. Bg2 c6 4. O-O Nbd7 5. d3 e5 6. Nbd2 Bd6 7. e4 O-O 8. Re1 Re8 9. b3 d4 10. Bb2 c5 11. Nc4 Bc7 12. a4 b6 13. Nh4 Nf8 14. h3 g6 15. f4 exf4 16. e5 Nd5 17. Nd6 Be6 18. Nxe8 Qxe8 19. gxf4 Rd8 20. Bc1 Qe7 21. Nf3 Bf5 22. Ng5 h6 23. Ne4 Qh4 24. Nf2 Nxf4 25. Qf3 N8e6 26. Bxf4 Qxf4 27. Qxf4 Nxf4 28. Ng4 Kg7 29. Rf1 Nxg2 30. Kxg2 h5 31. Nf2 Bxe5 32. a5 1/2-1/2

[Event "ESTCC 65 2019"]
[Site "Mali Losinj"]
[Date "2019.09.18"]
[Round "1.27"]
[White "Hewson, Brian W R"]
[Black "Egan, Colm"]
[Result "1/2-1/2"]
[ECO "A46"]
[WhiteElo "2074"]
[BlackElo "1710"]
[Annotator "NA"]
[PlyCount "82"]
[EventDate "2019.09.18"]
[EventType "team-tourn"]
[EventCountry "CRO"]
[SourceTitle "playchess.com"]
[Source "ChessBase"]
[SourceQuality "1"]
[WhiteTeam "England"]
[BlackTeam "Ireland"]
[WhiteTeamCountry "ENG"]
[BlackTeamCountry "IRL"]
[TimeControl "40/5400+30:1800+30"]

1. Nf3 d6 2. d4 Nf6 3. g3 Nbd7 4. Bg2 e5 5. Nc3 e4 6. Nd2 d5 7. f3 exf3 8. Bxf3 c6 9. e4 dxe4 10. Ndxe4 Be7 11. Bf4 Nxe4 12. Nxe4 Nf6 13. Nxf6+ Bxf6 14. Qe2+ Be6 15. d5 cxd5 16. Qb5+ Bd7 17. Qxb7 O-O 18. O-O Bd4+ 19. Kh1 Rc8 20. c3 Bc6 21. Qb3 Bb6 22. Rad1 Qd7 23. Qc2 d4 24. Qg2 Bxf3 25. Rxf3 Qe6 26. cxd4 Qxa2 27. Ra3 Qe6 28. Re3 Qg6 29. Re2 Rfd8 30. d5 h5 31. h4 Qg4 32. Kh2 Ba5 33. Rd3 Qf5 34. Qf3 Rc4 35. d6 Bb4 36. Rd5 Qf6 37. Qd3 Rxf4 38. gxf4 Qxf4+ 39. Qg3 Qc4 40. Rg2 g6 41. Rd1 Qe4 1/2-1/2

[Event "ESTCC 65 2019"]
[Site "Mali Losinj"]
[Date "2019.09.18"]
[Round "1.28"]
[White "Cassidy, Sydney"]
[Black "Ewart, Brian R"]
[Result "0-1"]
[ECO "B58"]
[WhiteElo "1599"]
[BlackElo "1882"]
[Annotator "NA"]
[PlyCount "50"]
[EventDate "2019.09.18"]
[EventType "team-tourn"]
[EventCountry "CRO"]
[SourceTitle "playchess.com"]
[Source "ChessBase"]
[SourceQuality "1"]
[WhiteTeam "Ireland"]
[BlackTeam "England"]
[WhiteTeamCountry "IRL"]
[BlackTeamCountry "ENG"]
[TimeControl "40/5400+30:1800+30"]

1. e4 c5 2. Nf3 Nc6 3. d4 cxd4 4. Nxd4 Nf6 5. Nc3 e5 6. Ndb5 d6 7. Be2 a6 8. Na3 b5 9. Nd5 Nxe4 10. Bf3 f5 11. O-O Bd7 12. Bxe4 fxe4 13. Re1 Be7 14. Nxe7 Qxe7 15. Rxe4 O-O 16. c4 Nd8 17. cxb5 axb5 18. Nxb5 Bxb5 19. Qd5+ Qf7 20. Qd2 Ne6 21. b3 Nf4 22. Re3 Qg6 23. f3 Rac8 24. Re4 Nh3+ 25. Kh1 Qxe4 0-1

[Event "ESTCC 65 2019"]
[Site "Mali Losinj"]
[Date "2019.09.18"]
[Round "1.29"]
[White "Vadlja, Stjepan"]
[Black "Rooze, Jan"]
[Result "0-1"]
[ECO "E33"]
[WhiteElo "1636"]
[BlackElo "2281"]
[Annotator "NA"]
[PlyCount "108"]
[EventDate "2019.09.18"]
[EventType "team-tourn"]
[EventCountry "CRO"]
[SourceTitle "playchess.com"]
[Source "ChessBase"]
[SourceQuality "1"]
[WhiteTeam "Croatia"]
[BlackTeam "Belgium"]
[WhiteTeamCountry "CRO"]
[BlackTeamCountry "BEL"]
[TimeControl "40/5400+30:1800+30"]

1. d4 Nf6 2. c4 e6 3. Nc3 Bb4 4. Bd2 O-O 5. Qc2 Nc6 6. Nf3 d5 7. e3 Re8 8. Be2 Bf8 9. a3 g6 10. O-O Bg7 11. Rac1 a6 12. b4 Nb8 13. h3 b6 14. Ne1 dxc4 15. Bxc4 Bb7 16. Be2 Nbd7 17. Bf3 Qb8 18. Nb1 Rc8 19. Bc6 e5 20. d5 Rd8 21. e4 Bxc6 22. dxc6 Nf8 23. Bg5 Ne6 24. Nf3 Nxg5 25. Nxg5 Bh6 26. h4 Rd4 27. f3 Qd8 28. Rcd1 Bxg5 29. hxg5 Nh5 30. Rxd4 Qxd4+ 31. Qf2 Qc4 32. Rd1 Qxc6 33. Qd2 Nf4 34. Nc3 Qxc3 35. Qxc3 Ne2+ 36. Kf2 Nxc3 37. Rd7 Rc8 38. Re7 c5 39. Rxe5 cxb4 40. axb4 b5 41. Re7 Na2 42. Ra7 Nxb4 43. Kg3 Rc2 44. Kh3 Ra2 45. Kg3 Nd3 46. Rd7 Rd2 47. Rd8+ Kg7 48. Ra8 b4 49. Rxa6 b3 50. Rb6 b2 51. f4 Rd1 52. f5 gxf5 53. exf5 b1=Q 54. f6+ Kg6 0-1

[Event "ESTCC 65 2019"]
[Site "Mali Losinj"]
[Date "2019.09.18"]
[Round "1.31"]
[White "Novak, Stjepan"]
[Black "Van de Wynkele, Herman"]
[Result "0-1"]
[ECO "B06"]
[WhiteElo "1503"]
[BlackElo "2085"]
[Annotator "NA"]
[PlyCount "70"]
[EventDate "2019.09.18"]
[EventType "team-tourn"]
[EventCountry "CRO"]
[SourceTitle "playchess.com"]
[Source "ChessBase"]
[SourceQuality "1"]
[WhiteTeam "Croatia"]
[BlackTeam "Belgium"]
[WhiteTeamCountry "CRO"]
[BlackTeamCountry "BEL"]
[TimeControl "40/5400+30:1800+30"]

1. e4 g6 2. Nf3 Bg7 3. d4 d6 4. c3 Nd7 5. Bd3 e5 6. Be3 Ngf6 7. h3 Qe7 8. Qb3 O-O 9. Nbd2 a6 10. O-O Nh5 11. g3 Kh8 12. Kg2 f5 13. exf5 gxf5 14. Bg5 Qe8 15. Nh2 h6 16. Bh4 Qg6 17. Kh1 exd4 18. c4 Nc5 19. Qc2 Bd7 20. Nhf3 Bc6 21. Kh2 Be4 22. Ne1 Bxd3 23. Nxd3 f4 24. Nb4 d3 25. Qd1 fxg3+ 26. Bxg3 Nxg3 27. fxg3 Rxf1 28. Nxf1 Re8 29. Qg4 Re2+ 30. Kh1 Qxg4 31. hxg4 d2 32. Nc2 d1=Q 33. Rxd1 Rxc2 34. b4 Ne4 35. Re1 Rxc4 0-1

[Event "ESTCC 65 2019"]
[Site "Mali Losinj"]
[Date "2019.09.18"]
[Round "1.32"]
[White "Schrickx, Frank"]
[Black "Petanjek, Zvonko"]
[Result "1-0"]
[ECO "C60"]
[WhiteElo "1813"]
[BlackElo "1650"]
[Annotator "NA"]
[PlyCount "69"]
[EventDate "2019.09.18"]
[EventType "team-tourn"]
[EventCountry "CRO"]
[SourceTitle "playchess.com"]
[Source "ChessBase"]
[SourceQuality "1"]
[WhiteTeam "Belgium"]
[BlackTeam "Croatia"]
[WhiteTeamCountry "BEL"]
[BlackTeamCountry "CRO"]
[TimeControl "40/5400+30:1800+30"]

1. e4 e5 2. Nf3 Nc6 3. Bb5 Nge7 4. c3 a6 5. Bxc6 Nxc6 6. d4 Bd6 7. O-O h6 8. Nxe5 Nxe5 9. dxe5 Bxe5 10. f4 Bd6 11. Be3 O-O 12. Nd2 b6 13. Nc4 Be7 14. Qh5 Qe8 15. Rad1 Bb7 16. e5 Bc6 17. f5 f6 18. Qh3 Bb5 19. Rf4 fxe5 20. Nxe5 Bg5 21. Re4 Bxe3+ 22. Rxe3 Qd8 23. c4 Qf6 24. cxb5 Rfd8 25. Qf3 d6 26. Qd5+ Kh7 27. Ng4 Qg5 28. Qf3 axb5 29. Re6 Ra4 30. Rg6 Qe7 31. Rf1 Qf7 32. Qh3 Rxg4 33. Qxg4 Rf8 34. Re6 Kh8 35. Qg6 1-0

[Event "ESTCC 65 2019"]
[Site "Mali Losinj"]
[Date "2019.09.19"]
[Round "2.1"]
[White "Balashov, Yuri S"]
[Black "Huss, Andreas"]
[Result "1-0"]
[ECO "E43"]
[WhiteElo "2466"]
[BlackElo "2261"]
[Annotator "ChessBase"]
[PlyCount "137"]
[EventDate "2019.09.18"]
[EventType "team-tourn"]
[EventCountry "CRO"]
[SourceTitle "playchess.com"]
[Source "ChessBase"]
[SourceQuality "1"]
[WhiteTeam "Russia"]
[BlackTeam "Switzerland"]
[WhiteTeamCountry "RUS"]
[BlackTeamCountry "SUI"]
[TimeControl "40/5400+30:1800+30"]

1. d4 e6 2. c4 Nf6 3. Nc3 Bb4 4. Nf3 b6 5. e3 Bb7 6. Be2 O-O 7. O-O Bxc3 8. bxc3 d6 9. Nd2 Nbd7 10. f3 e5 11. e4 Nh5 12. Re1 Nf4 13. Bf1 Qg5 14. g3 Ne6 15. Bg2 Qf6 16. d5 Nec5 17. Nf1 a5 18. Ne3 Ba6 19. Rb1 Qd8 20. Rb2 g6 21. Bf1 h5 22. Ng2 Kg7 23. Rf2 Qe8 24. Qd2 Rh8 25. Qc2 Nf6 26. Ne3 Qa4 27. Qd2 Nfd7 28. Be2 Nf6 29. Bd1 Qe8 30. Bc2 Qe7 31. h4 Rag8 32. Ba3 Nfd7 33. Ref1 Kf8 34. Bc1 Ke8 35. Ba3 g5 36. Nf5 Qf6 37. hxg5 Qxg5 38. Qe2 h4 39. g4 h3 40. Bc1 Qg6 41. Kh2 Nf6 42. Rg1 Bc8 43. Be3 Kd8 44. Qd1 Ba6 45. Bxc5 bxc5 46. Bd3 Qg5 47. Qc1 Qxc1 48. Rxc1 Nd7 49. Rb2 Rg6 50. Rcb1 Nb6 51. Ne3 Ke7 52. Kg3 Bc8 53. Rh2 Rgh6 54. Bf1 Kf6 55. Rb5 a4 56. Ra5 Bd7 57. Ra7 Rc8 58. Bxh3 Kg5 59. Rb2 Na8 60. Nc2 Rhh8 61. Rab7 Rhd8 62. Na3 Nb6 63. Bf1 Na8 64. Rh2 Rb8 65. Ra7 Rh8 66. Rxh8 Rxh8 67. Nb5 Nb6 68. Rxc7 Bxb5 69. cxb5 1-0

[Event "ESTCC 65 2019"]
[Site "Mali Losinj"]
[Date "2019.09.19"]
[Round "2.3"]
[White "Kalegin, Evgenij"]
[Black "Hohler, Peter"]
[Result "1-0"]
[ECO "C90"]
[WhiteElo "2435"]
[BlackElo "2047"]
[Annotator "NA"]
[PlyCount "75"]
[EventDate "2019.09.18"]
[EventType "team-tourn"]
[EventCountry "CRO"]
[SourceTitle "playchess.com"]
[Source "ChessBase"]
[SourceQuality "1"]
[WhiteTeam "Russia"]
[BlackTeam "Switzerland"]
[WhiteTeamCountry "RUS"]
[BlackTeamCountry "SUI"]
[TimeControl "40/5400+30:1800+30"]

1. e4 e5 2. Nf3 Nc6 3. Bb5 a6 4. Ba4 Nf6 5. d3 b5 6. Bb3 Be7 7. O-O d6 8. c3 O-O 9. Re1 Na5 10. Bc2 c5 11. Nbd2 Nc6 12. Nf1 h6 13. Ne3 Re8 14. a4 Bb7 15. Bb3 Bf8 16. Ba2 Qd7 17. Nh4 Kh7 18. axb5 axb5 19. Qf3 Na5 20. Bd2 c4 21. Nef5 d5 22. Rad1 dxe4 23. dxe4 Qc6 24. Qg3 g6 25. Bb1 gxf5 26. Nxf5 Bc8 27. Bxh6 Bxf5 28. Bxf8 Rxf8 29. exf5 Rad8 30. Qxe5 Rfe8 31. Qf4 Rxe1+ 32. Rxe1 Qd6 33. Qh4+ Kg7 34. h3 Qd2 35. Re3 Qd1+ 36. Kh2 Qd6+ 37. f4 Rh8 38. Rg3+ 1-0

[Event "ESTCC 65 2019"]
[Site "Mali Losinj"]
[Date "2019.09.19"]
[Round "2.4"]
[White "Illi, Hans-Joerg"]
[Black "Zhelnin, Vladimir V"]
[Result "0-1"]
[ECO "A48"]
[WhiteElo "1987"]
[BlackElo "2406"]
[Annotator "NA"]
[PlyCount "80"]
[EventDate "2019.09.18"]
[EventType "team-tourn"]
[EventCountry "CRO"]
[SourceTitle "playchess.com"]
[Source "ChessBase"]
[SourceQuality "1"]
[WhiteTeam "Switzerland"]
[BlackTeam "Russia"]
[WhiteTeamCountry "SUI"]
[BlackTeamCountry "RUS"]
[TimeControl "40/5400+30:1800+30"]

1. d4 g6 2. Nf3 Bg7 3. c3 Nf6 4. Bg5 O-O 5. Nbd2 d6 6. e4 Qe8 7. Bc4 e5 8. O-O h6 9. Bh4 Nbd7 10. Re1 Nh5 11. Bb3 Bf6 12. Bxf6 Nhxf6 13. Qc2 Kg7 14. Rad1 Qe7 15. dxe5 Nxe5 16. Nxe5 dxe5 17. Nf1 Be6 18. Bxe6 Qxe6 19. a3 Rad8 20. f3 a5 21. Ne3 h5 22. h4 Qe7 23. g3 c6 24. a4 Rfe8 25. Kf2 Nd7 26. Rd2 Nc5 27. Red1 Rxd2+ 28. Rxd2 Qe6 29. b4 axb4 30. cxb4 Nb3 31. Rd1 Nd4 32. Qc4 Qf6 33. f4 Ne6 34. f5 Nd4 35. Qd3 Rd8 36. Kg2 g5 37. Kh3 gxh4 38. gxh4 Ne6 39. Rg1+ Kh7 40. Qf1 Nf4+ 0-1

[Event "ESTCC 65 2019"]
[Site "Mali Losinj"]
[Date "2019.09.19"]
[Round "2.5"]
[White "Rooze, Jan"]
[Black "Renman, Nils-Gustaf"]
[Result "0-1"]
[ECO "D45"]
[WhiteElo "2281"]
[BlackElo "2340"]
[Annotator "NA"]
[PlyCount "62"]
[EventDate "2019.09.18"]
[EventType "team-tourn"]
[EventCountry "CRO"]
[SourceTitle "playchess.com"]
[Source "ChessBase"]
[SourceQuality "1"]
[WhiteTeam "Belgium"]
[BlackTeam "Sweden"]
[WhiteTeamCountry "BEL"]
[BlackTeamCountry "SWE"]
[TimeControl "40/5400+30:1800+30"]

1. c4 c6 2. Nf3 d5 3. e3 Nf6 4. Nc3 e6 5. b3 Nbd7 6. Bb2 Bd6 7. Qc2 O-O 8. Be2 a6 9. d4 Qe7 10. Rd1 dxc4 11. bxc4 e5 12. O-O e4 13. Nd2 Re8 14. Rfe1 Nf8 15. Nf1 Bf5 16. Ng3 Bg6 17. Rb1 h5 18. h3 h4 19. Nf1 N8h7 20. c5 Bc7 21. Bc4 Kh8 22. Ba3 Rab8 23. d5 cxd5 24. Nxd5 Nxd5 25. Bxd5 Ng5 26. Qe2 Nf3+ 27. gxf3 Qg5+ 28. Kh1 Qxd5 29. f4 Bh5 30. Qd2 Bf3+ 31. Kg1 Qf5 0-1

[Event "ESTCC 65 2019"]
[Site "Mali Losinj"]
[Date "2019.09.19"]
[Round "2.6"]
[White "Wahlbom, Magnus"]
[Black "Van Herck, Marcel"]
[Result "0-1"]
[ECO "C63"]
[WhiteElo "2255"]
[BlackElo "2088"]
[Annotator "NA"]
[PlyCount "77"]
[EventDate "2019.09.18"]
[EventType "team-tourn"]
[EventCountry "CRO"]
[SourceTitle "playchess.com"]
[Source "ChessBase"]
[SourceQuality "1"]
[WhiteTeam "Sweden"]
[BlackTeam "Belgium"]
[WhiteTeamCountry "SWE"]
[BlackTeamCountry "BEL"]
[TimeControl "40/5400+30:1800+30"]

1. e4 e5 2. Nf3 Nc6 3. Bb5 f5 4. Nc3 fxe4 5. Nxe4 Nf6 6. Nxf6+ Qxf6 7. Qe2 Be7 8. Bxc6 bxc6 9. Nxe5 O-O 10. O-O Bd6 11. f4 Bc5+ 12. Kh1 d6 13. Nxc6 Bb7 14. Qc4+ Qf7 15. Qxf7+ Rxf7 16. Na5 Ba6 17. d3 Re8 18. Bd2 Re2 19. Rad1 Bb6 20. Rfe1 Rxd2 21. Re8+ Rf8 22. Rxf8+ Kxf8 23. Rxd2 Bxa5 24. c3 c6 25. g3 Bd8 26. Kg2 Bf6 27. g4 h6 28. Kg3 Bc8 29. Re2 d5 30. h3 Kf7 31. h4 g6 32. Re1 h5 33. g5 Bg7 34. d4 Bf5 35. Kf3 Bf8 36. Ke3 Bd6 37. b4 Be4 38. a4 a6 39. b5 0-1

[Event "ESTCC 65 2019"]
[Site "Mali Losinj"]
[Date "2019.09.19"]
[Round "2.7"]
[White "Van de Wynkele, Herman"]
[Black "Hammar, Bengt"]
[Result "0-1"]
[ECO "B96"]
[WhiteElo "2085"]
[BlackElo "2161"]
[Annotator "NA"]
[PlyCount "49"]
[EventDate "2019.09.18"]
[EventType "team-tourn"]
[EventCountry "CRO"]
[SourceTitle "playchess.com"]
[Source "ChessBase"]
[SourceQuality "1"]
[WhiteTeam "Belgium"]
[BlackTeam "Sweden"]
[WhiteTeamCountry "BEL"]
[BlackTeamCountry "SWE"]
[TimeControl "40/5400+30:1800+30"]

1. e4 c5 2. Nf3 d6 3. d4 cxd4 4. Nxd4 Nf6 5. Nc3 a6 6. Bg5 Nbd7 7. Qe2 e6 8. O-O-O Qc7 9. f4 b5 10. Bxf6 Nxf6 11. a3 Rb8 12. g4 Be7 13. Bg2 b4 14. axb4 Rxb4 15. h4 Qb6 16. e5 Rxd4 17. Rxd4 Qxd4 18. exf6 Qxf4+ 19. Kb1 Bxf6 20. Bc6+ Kd8 21. Ne4 d5 22. Rd1 Kc7 23. Bxd5 exd5 24. Rxd5 Bb7 25. Nxf6 0-1

[Event "ESTCC 65 2019"]
[Site "Mali Losinj"]
[Date "2019.09.19"]
[Round "2.8"]
[White "Friberg, Hans"]
[Black "Schrickx, Frank"]
[Result "1-0"]
[ECO "A09"]
[WhiteElo "2119"]
[BlackElo "1813"]
[Annotator "NA"]
[PlyCount "59"]
[EventDate "2019.09.18"]
[EventType "team-tourn"]
[EventCountry "CRO"]
[SourceTitle "playchess.com"]
[Source "ChessBase"]
[SourceQuality "1"]
[WhiteTeam "Sweden"]
[BlackTeam "Belgium"]
[WhiteTeamCountry "SWE"]
[BlackTeamCountry "BEL"]
[TimeControl "40/5400+30:1800+30"]

1. Nf3 d5 2. c4 dxc4 3. Qa4+ Bd7 4. Qxc4 Bc6 5. Nc3 e6 6. d4 Nf6 7. Bg5 Bxf3 8. gxf3 c6 9. e4 Qa5 10. Bd2 Bb4 11. a3 Bxc3 12. Qxc3 Qxc3 13. bxc3 Nbd7 14. Rg1 g6 15. Bh6 Rg8 16. Rb1 O-O-O 17. a4 e5 18. Bc4 exd4 19. cxd4 Nb6 20. Bxf7 Rxd4 21. a5 Nbd7 22. Bxg8 Nxg8 23. Be3 Ra4 24. Bxa7 Rxa5 25. Bd4 c5 26. Ra1 Rb5 27. Bc3 Ne7 28. Kd2 c4 29. Ra4 Nb6 30. Rb4 1-0